 Dungeon Crawl Stone Soup version 0.28-a0-309-gf6d37e6e1d (webtiles) character file.

Game seed: 3197455797149788835

6876 McIrco the Slicer (level 11, -5/71 HPs)
             Began as a Kobold Berserker on Aug 30, 2021.
             Was an Elder of Trog.
             Slain by an orc warrior (15 damage)
             ... on level 9 of the Dungeon.
             The game lasted 00:14:51 (11811 turns).

McIrco the Slicer (Kobold Berserker)               Turns: 11811, Time: 00:14:52

Health: -5/71      AC:  8    Str: 17    XL:     11   Next: 26%
Magic:  11/11      EV: 21    Int:  8    God:    Trog [****..]
Gold:   484        SH:  0    Dex: 16    Spells: 10/10 levels left

rFire   . . .      SeeInvis +   E - +1 dagger (venom)
rCold   . . .      Faith    .   (shield restricted)
rNeg    . . .      Spirit   .   k - +2 robe
rPois   .          Reflect  .   h - +0 helmet
rElec   .          Harm     .   j - +2 cloak
rCorr   .          Rampage  .   (no gloves)
Will    .....                   (no boots)
Stlth   +++++.....              f - amulet of the acrobat
HPRegen 0.21/turn               H - ring of see invisible
MPRegen 0.12/turn               (no ring)

@: on berserk cooldown, slowed, very slow
A: small, no large weapons, nightstalker 3
a: Renounce Religion, Berserk, Trog's Hand, Brothers in Arms


You were on level 9 of the Dungeon.
You worshipped Trog.
Trog was greatly pleased with you.
You visited 1 branch of the dungeon, and saw 9 of its levels.
You also visited: Sewer.

You collected 484 gold pieces.

Inventory:

Hand Weapons
 a - a +0 short sword
 r - a +0 dagger of speed
 D - a +0 dagger of venom
 E - a +1 dagger of venom (weapon)
 J - a +7 short sword of flaming
Missiles
 m - 2 throwing nets (quivered)
Armour
 b - a +0 animal skin
 h - a +0 helmet (worn)
 j - a +2 cloak (worn)
 k - a +2 robe (worn)
Jewellery
 f - an amulet of the acrobat (around neck)
 H - a ring of see invisible (left hand)
Wands
 y - a wand of mindburst (30)
 A - a wand of flame (19)
 G - a wand of polymorph (7)
Scrolls
 c - 6 scrolls of identify
 d - 2 scrolls of magic mapping
 g - 6 scrolls of teleportation {unknown}
 l - a scroll of blinking {unknown}
 n - a scroll of holy word {unknown}
 o - a scroll of torment {unknown}
 p - a scroll of noise {unknown}
 q - a scroll of acquirement {unknown}
 u - a scroll of vulnerability {unknown}
 v - a scroll of enchant weapon
 x - a scroll of silence {unknown}
 B - 3 scrolls of amnesia {unknown}
 C - 2 scrolls of enchant armour {unknown}
 F - a scroll of immolation {unknown}
 I - a scroll of brand weapon {unknown}
 L - a scroll of fear {unknown}
Potions
 e - 2 potions of heal wounds
 i - 2 potions of attraction
 s - 4 potions of curing
 t - 3 potions of flight
 w - 2 potions of ambrosia
 z - 2 potions of haste {unknown}
 K - 2 potions of might {unknown}


   Skills:
 + Level 9.2 Fighting
 + Level 12.1 Short Blades
 + Level 1.7 Armour
 + Level 11.1 Dodging
 - Level 10.0 Stealth


You had 10 spell levels left.
You didn't know any spells.
Your spell library was empty.

Dungeon Overview and Level Annotations

Branches:
Dungeon (9/15)             Temple (0/1) D:7            Lair (0/6) D:8
  Sewer (visited)
    Orc: D:9-12

Altars:
Cheibriados
Elyvilon
Fedhas
Hepliaklqana
Kikubaaqudgha
Trog
Uskayaw
Wu Jian
Xom
Yredelemnul
Beogh

Shops:
D:8 [

Annotations:
D:8 3 runed translucent doors


Innate Abilities, Weirdness & Mutations

You are small and have problems with some larger weapons.
You are completely attuned to the shadows.


Message History

The orc warrior is lightly wounded.
You kill the orc!
Trog accepts your kill.
The orc warrior hits you with a +0 glaive!
* * * LOW HITPOINT WARNING * * *
You hit the orc warrior but do no damage.
The orc warrior looks as sick as possible!
The orc warrior is lightly wounded.
You are too berserk!
You hit the orc warrior.
The orc warrior is moderately wounded.
You are no longer berserk.
You are exhausted.
You feel yourself slow down. The orc warrior barely misses you.
Unknown command.
Okay, then.
Unknown command.
As you read the scroll labelled WEESTRUECKE, it crumbles to dust.
It is a scroll of enchant weapon.
Your +6 short sword of flaming glows red for a moment.
An orc comes into view. It is wielding a +0 hand axe.
The orc closely misses you.
The orc priest miscasts a cantrip.
The orc warrior closely misses you.
An orc comes into view.
It is wielding a +0 hand axe and wearing a +1 leather armour of willpower.
An orc comes into view. It is wielding a +0 dagger.
The orc warrior closely misses you. The orc hits you but does no damage.
Unknown command.
Unknown command.
Your ogre goes berserk!
Trog will no longer gift you weapons.
The orc priest casts a cantrip, but nothing happens.
The orc warrior hits you with a +0 battleaxe!
* * * LOW HITPOINT WARNING * * *
The orc warrior hits your ogre with a +0 battleaxe!!
The orc warrior misses you. The orc barely misses you.
The orc warrior closely misses you.
The orc warrior barely misses your ogre.
The orc warrior hits you with a +0 glaive!
You die...

...........# #.#.
...........# #.#.
...........#####
#.#.
.....:.........#
#...
#######.######.##
#####... #.# #..#
#....... #..
##.## #.....##
##. #..# #.....#
#######@###
#.....#
....o)oooO.#
#.....##
8#####8o8###
#.......


ooooo# #....... .oooo.# #####... _..⌠...# #.## #.# You could see 2 orc warriors,
4 orc priests, 8 orcs and a friendly ogre (summoned, berserk).

Vanquished Creatures
  2 two-headed ogres
  A manticore (D:8)
  2 wraiths
  3 yaks (D:8)
  A vampire (D:9)
  3 wargs (D:8)
  Duvessa (D:6)
  2 water moccasins
  3 orc warriors (D:9)
  2 sky beasts
  2 ice beasts
  The ghost of Marsius the Skirmisher, an amateur DrBe of Trog (D:3)
  A hornet zombie (D:4)
  Blork the orc (D:6)
  A wyvern zombie (D:8)
  4 bullfrogs
  A gnoll sergeant (D:8)
  4 kobold brigands
  A scorpion (D:5)
  Dowan (D:6)
  A wyvern skeleton (D:7)
  The ghost of anet the Covert, a weakling GnDe (D:4)
  2 water moccasin skeletons
  6 killer bees (D:5)
  2 howler monkeys (D:9)
  3 centaur zombies
  2 jellies
  4 orc priests
  2 bullfrog skeletons (D:6)
  A centaur skeleton (D:4)
  3 hounds
  Jessica (D:2)
  Natasha (thrice) (D:3)
  3 iguanas
  7 orc wizards
  A killer bee zombie (D:6)
  A hound zombie (D:5)
  Robin (D:2)
  15 gnolls
  9 adders
  2 shadow imps (D:5)
  2 white imps
  An ufetubus (D:5)
  5 worms
  3 dart slugs
  16 orcs
  4 endoplasms
  6 giant cockroaches
  19 goblins
  10 hobgoblins
  5 jackals
  4 quokkas
  3 ball pythons
  9 bats
  3 frilled lizards
  24 kobolds
  6 rats
  A spectral orc (D:7)
228 creatures vanquished.

Vanquished Creatures (others)
  2 withered plants (D:4)
2 creatures vanquished.

Grand Total: 230 creatures vanquished

Notes
Turn   | Place    | Note
-------+----------+-------------------------------------------
     0 | D:1      | McIrco the Kobold Berserker began the quest for the Orb.
     0 | D:1      | Reached XP level 1. HP: 14/14 MP: 1/1
   505 | D:1      | Reached XP level 2. HP: 19/19 MP: 2/2
   804 | D:1      | Reached skill level 1 in Stealth
  1047 | D:1      | Reached XP level 3. HP: 23/23 MP: 3/3
  1073 | D:1      | Found a faded altar of an unknown god.
  1216 | D:2      | Noticed Robin
  1233 | D:2      | Killed Robin
  1233 | D:2      | Reached ** piety under Trog
  1495 | D:2      | Reached XP level 4. HP: 29/29 MP: 4/4
  2206 | D:2      | Reached skill level 5 in Short Blades
  2258 | D:2      | Noticed Jessica
  2262 | D:2      | Killed Jessica
  2263 | D:2      | Reached XP level 5. HP: 33/33 MP: 5/5
  2839 | D:3      | Noticed Natasha
  2843 | D:3      | Killed Natasha
  2904 | D:3      | Noticed Natasha
  2922 | D:3      | Killed Natasha
  2964 | D:3      | Found a bloodstained altar of Trog.
  2965 | D:3      | Reached *** piety under Trog
  2966 | D:3      | Reached XP level 6. HP: 35/38 MP: 6/6
  3081 | D:3      | Found a runed translucent door.
  3082 | D:3      | Noticed Marsius's ghost (amateur DrBe)
  3382 | D:3      | Noticed Natasha
  3400 | D:3      | Killed Natasha
  3640 | D:3      | Reached skill level 5 in Stealth
  3771 | D:3      | Killed Marsius's ghost
  3772 | D:3      | Reached skill level 6 in Short Blades
  3954 | D:4      | Reached XP level 7. HP: 44/44 MP: 7/7
  4038 | D:4      | Found a runed translucent door.
  4038 | D:4      | Noticed anet's ghost (weakling GnDe)
  4706 | D:4      | Reached skill level 7 in Short Blades
  4857 | D:4      | Killed anet's ghost
  4887 | D:5      | Entered Level 5 of the Dungeon
  5042 | D:5      | Found a glowing drain.
  5056 | Sewer    | Entered a sewer
  5175 | Sewer    | Reached **** piety under Trog
  5180 | Sewer    | Reached skill level 5 in Fighting
  5180 | Sewer    | Reached XP level 8. HP: 10/49 MP: 8/8
  5437 | Sewer    | Found a white marble altar of Elyvilon.
  5650 | D:5      | Reached skill level 8 in Short Blades
  5839 | D:5      | Noticed a wraith
  5866 | D:5      | Killed a wraith
  6025 | D:5      | Reached skill level 5 in Dodging
  6049 | D:5      | Reached skill level 9 in Short Blades
  6061 | D:5      | Reached XP level 9. HP: 39/54 MP: 9/9
  6075 | D:5      | Noticed a +0 short sword
  6076 | D:5      | Noticed a +0 dagger
  6081 | D:5      | Noticed a +0 spear
  6217 | D:5      | Noticed a +0 spear
  6218 | D:5      | Noticed a +0 dagger
  6219 | D:5      | Noticed a +0 short sword
  6220 | D:5      | Noticed a +0 falchion
  6371 | D:5      | Noticed a +0 falchion
  6384 | D:5      | Found a hide-covered altar of Uskayaw.
  6818 | D:6      | Noticed Blork the orc
  6837 | D:6      | Killed Blork the orc
  7329 | D:6      | Found a snail-covered altar of Cheibriados.
  7444 | D:6      | Found an ancient bone altar of Kikubaaqudgha.
  7787 | D:6      | Reached skill level 10 in Short Blades
  7883 | D:6      | Noticed Duvessa
  7887 | D:6      | Noticed Dowan
  7897 | D:6      | Killed Duvessa
  7913 | D:6      | Killed Dowan
  8036 | D:6      | Found a white marble altar of Elyvilon.
  8039 | D:6      | Found an ornate altar of the Wu Jian Council.
  8049 | D:6      | Found a basalt altar of Yredelemnul.
  8062 | D:6      | Found a shimmering altar of Xom.
  8120 | D:6      | Reached XP level 10. HP: 61/61 MP: 10/10
  8452 | D:7      | Reached skill level 10 in Stealth
  8706 | D:7      | Found a staircase to the Ecumenical Temple.
  9162 | D:7      | Found a hazy altar of Hepliaklqana.
  9365 | D:8      | Reached ***** piety under Trog
  9389 | D:8      | Noticed a two-headed ogre
  9443 | D:7      | Killed a two-headed ogre
  9444 | D:7      | Reached skill level 11 in Short Blades
  9792 | D:8      | Noticed a manticore
  9796 | D:8      | Killed a manticore
  9896 | D:8      | Found a staircase to the Lair.
  9940 | D:8      | Received a gift from Trog
 10211 | D:8      | Found Neapupruc's Armour Shoppe.
 10276 | D:8      | Noticed a two-headed ogre
 10300 | D:8      | Killed a two-headed ogre
 10301 | D:8      | Reached skill level 10 in Dodging
 10301 | D:8      | Reached XP level 11. HP: 25/69 MP: 11/11
 10554 | D:8      | Found a blossoming altar of Fedhas.
 10733 | D:8      | Found a runed translucent gate.
 11199 | D:8      | Found a runed translucent gate.
 11200 | D:8      | Found a runed translucent gate.
 11200 | D:8      | Noticed a manticore
 11613 | D:9      | Reached skill level 12 in Short Blades
 11811 | D:9      | Slain by an orc warrior

Illustrated notes

Levels and vault maps discovered:
D:1:      lordsloth_arrival_two_stooges, layout_basic,
          shapermc_ecumenical_altar_starsandcircs, minmay_quantized
D:2:      layout_loops_corners, uniq_robin, uniq_jessica
D:3:      layout_basic, led_sif_pool, trog_hazing_becter, gammafunk_ghost_grave,
          glass_columns_a, uniq_natasha
D:4:      layout_cave_pods, gammafunk_ghost_grave
D:5:      layout_loops_ring, nicolae_uskayaw_en_pointe, gup_sewer_entry_bubbles
D:6:      layout_basic, chei_slow_surprise, nicolae_kikubaaqudgha_miasma_corner,
          grunt_temple_overflow_cloverleaf, uniq_blork_the_orc, uniq_duvessa
D:7:      layout_loops_corners, nicolae_hepliaklqana_monster_ancestors,
          minmay_temple_entry_nine_rooms, minmay_quadrilaterals
D:8:      layout_basic, amcnicky_altar_gilded, erik_lair_orcish_takeover,
          gammafunk_ghost_split, serial_shops, shop_statue
D:9:      layout_stronghold, lemuel_tele_altar, david_orc_5

Skill      XL: |  1  2  3  4  5  6  7  8  9 10 11 |
---------------+----------------------------------+-----
Stealth        | 1 2 3 4 5 6 8 9 10 | 10.0
Short Blades   | 5 6 7 9 10 11 12 | 12.1
Dodging        | 3 4 5 7 10 11 | 11.1
Fighting       | 4 5 6 8 9 |  9.2
Armour         | |  1.7

Action                   |  1- 3 |  4- 6 |  7- 9 | 10-12 || total
-------------------------+-------+-------+-------+-------++-------
Melee: Short sword       |    66 |   173 |   280 |       ||   519
       Dagger            |       |       |   142 |   271 ||   413
Invok: Berserk           |     1 |     5 |     7 |     6 ||    19
       Brothers in Arms  |       |       |       |     1 ||     1
  Use: Scroll            |       |       |     4 |     1 ||     5
       Potion            |       |       |     3 |     1 ||     4
 Stab: Sleeping          |    12 |    14 |    27 |    17 ||    70
       Distracted        |       |     1 |       |       ||     1
Armor: Animal skin       |     9 |     6 |       |       ||    15
       Robe              |       |    30 |    66 |    26 ||   122
Dodge: Dodged            |    46 |   129 |   247 |   164 ||   586

Table legend: (Time is in decaauts)
 A = Elapsed time spent in this place.
 B = Non-inter-level travel time spent in this place.
 C = Inter-level travel time spent in this place.
 D = Time resting spent in this place.
 E = Time spent auto-exploring this place.
 F = Levels seen in this place.
 G = Mean time per level.
                   A        B        C        D        E       F      G
               +--------+--------+--------+--------+--------+-----+--------+
         Total |  11760 |  11519 |    241 |   1730 |   8300 |  10 | 1176.0 |
       Dungeon |  11149 |  10908 |    241 |   1472 |   7999 |   9 | 1238.8 |
         Sewer |    610 |    610 |      0 |    258 |    301 |   1 |  610.0 |
               +--------+--------+--------+--------+--------+-----+--------+

Top non-repeatable levels by time:
     D:8: 1657 daAuts
     D:2: 1621 daAuts
     D:6: 1503 daAuts
     D:5: 1328 daAuts
     D:7: 1317 daAuts
     D:1: 1176 daAuts
     D:3: 1114 daAuts
     D:4: 983 daAuts
   Sewer: 610 daAuts
     D:9: 446 daAuts
